 Dungeon Crawl Stone Soup version 0.27-a0-1278-g6cbc8dfb29 (webtiles) character file.

Game seed: 2336911000641016478

13 night the Chiller (level 2, 0/13 HPs)
             Began as a Vine Stalker Ice Elementalist on June 12, 2021.
             Succumbed to a kobold's poison
             ... on level 1 of the Dungeon.
             The game lasted 00:01:36 (423 turns).

night the Chiller (Vine Stalker Ice Elementalist)    Turns: 423, Time: 00:01:36

Health: 0/13       AC:  2    Str: 10    XL:     2   Next: 37%
Magic:  3/6        EV: 12    Int: 15    God:
Gold:   15         SH:  0    Dex: 14    Spells: 5/6 levels left

rFire    . . .     SeeInvis .   (no weapon)
rCold    . . .     Faith    .   (no shield)
rNeg     . . .     Spirit   +   a - +0 robe
rPois    .         Reflect  .   (no helmet)
rElec    .         Harm     .   (no cloak)
rCorr    .         Rampage  .   (no gloves)
Will     .....                  (no boots)
Stlth    ++........             (no amulet)
HPRegen  0.04/turn              (no ring)
MPRegen  0.10/turn              (no ring)

@: lethally poisoned (0 -> -7)
A: fangs 2, magic shield, antimagic bite, no potion heal 2
a: no special abilities


You were on level 1 of the Dungeon.
You visited 1 branch of the dungeon, and saw 1 of its levels.

You collected 15 gold pieces.

Inventory:

Hand Weapons
 b - a +1 short sword of venom
Armour
 a - a +0 robe (worn)


   Skills:
 - Level 1.5 Dodging
 - Level 2.4 Stealth
 + Level 2.6 Spellcasting
 + Level 4.3 Ice Magic


You had 5 spell levels left.
You knew the following spells:

 Your Spells              Type           Power      Damage    Failure   Level
a - Freeze                Ice            56%        1d7       3%          1

Your spell library contained the following spells:

 Spells                   Type           Power      Damage    Failure   Level
 Frozen Ramparts          Ice            28%        1d4       11%         3
 Ozocubu's Armour         Ice            14%        N/A       11%         3
 Animate Skeleton         Necr           4%         N/A       21%         1
 Apportation              Tloc           4%         N/A       21%         1
 Corona                   Hex            2%         N/A       21%         1
 Summon Small Mammal      Summ           8%         N/A       21%         1
 Hailstorm                Conj/Ice       8%         3d4       65%         4
 Metabolic Englaciation   Hex/Ice        4%         N/A       94%         5


Dungeon Overview and Level Annotations

Branches:
Dungeon (1/15)

Altars:


Innate Abilities, Weirdness & Mutations

You have extremely sharp teeth.
When hurt, damage is shared between your health and your magic reserves.
Your bite disrupts and absorbs the magic of your enemies.
Potions cannot restore your health.


Message History

You hit the endoplasm but do no damage. You hit the endoplasm.
You bite the endoplasm. You drain its power.
You feel invigorated.
The endoplasm is severely wounded.
The endoplasm misses you.
You barely miss the endoplasm.
The endoplasm is severely wounded.
The endoplasm hits you.
You hit the endoplasm. You bite the endoplasm.
You kill the endoplasm!
No target in view!
A kobold comes into view.
It is wielding a +1 short sword of venom.
The kobold shouts!
The kobold hits you with a +1 short sword of venom.
You are lethally poisoned!
Casting: Freeze (safe; 3% risk of failure)
Confirm with . or Enter, or press ? or * to list all spells.
Aiming: Freeze (safe; 3% risk of failure)
Press: ? - help, Shift-Dir - straight line, f - kobold
Aim: a kobold, wielding a +1 short sword of venom You freeze the kobold.
The kobold is moderately wounded.
You feel very sick. The kobold barely misses you.
Casting: Freeze (safe; 3% risk of failure)
Confirm with . or Enter, or press ? or * to list all spells.
Aiming: Freeze (safe; 3% risk of failure)
Press: ? - help, Shift-Dir - straight line, f/p - kobold
Aim: a kobold, wielding a +1 short sword of venom (moderately wounded)
You freeze the kobold!
You kill the kobold!
* * * LOW HITPOINT WARNING * * *
You feel very sick.
You aren't carrying any potions.
* * * LOW HITPOINT WARNING * * *
You feel sick.
Things that are here:
a +1 short sword of venom; a kobold corpse
b - a +1 short sword of venom You die...

#..........#####.#
##.#+###.........#
#. ##.........# ##
#..........#
#....#####.#
#....# #.# #....#
#.# #....# ..#
#...@# ##
#..$........#
####....#####
######


There were no monsters in sight!

Vanquished Creatures
  A bat (D:1)
  2 endoplasms (D:1)
  6 jackals (D:1)
  A kobold (D:1)
10 creatures vanquished.

Notes
Turn   | Place    | Note
-------+----------+-------------------------------------------
     0 | D:1      | night the Vine Stalker Ice Elementalist began the quest for
                  | the Orb.
     0 | D:1      | Reached XP level 1. HP: 9/9 MP: 4/4
   243 | D:1      | Reached XP level 2. HP: 9/13 MP: 4/6
   423 | D:1      | Succumbed to a kobold's poison

Illustrated notes

Levels and vault maps discovered:
D:1:      heliophobic_arrival_battle_scene, layout_basic, grunt_decor_cap

Action                   || total
-------------------------++-------
Melee: Unarmed           ||    22
       Bite              ||     9
 Cast: Freeze            ||    11
  Use: Scroll            ||     1
Armor: Robe              ||     3
Dodge: Dodged            ||    18

Table legend: (Time is in decaauts)
 A = Elapsed time spent in this place.
 B = Non-inter-level travel time spent in this place.
 C = Inter-level travel time spent in this place.
 D = Time resting spent in this place.
 E = Time spent auto-exploring this place.
 F = Levels seen in this place.
 G = Mean time per level.
                   A        B        C        D        E       F      G
               +--------+--------+--------+--------+--------+-----+--------+
         Total |    423 |    423 |      0 |    167 |    160 |   1 |  423.0 |
       Dungeon |    423 |    423 |      0 |    167 |    160 |   1 |  423.0 |
               +--------+--------+--------+--------+--------+-----+--------+

Top non-repeatable levels by time:
     D:1: 423 daAuts
